 Dungeon Crawl Stone Soup version 0.29-a0-330-g52719c12eb (webtiles) character file.

Game seed: 9227603385317481228

2579 Crownlay the Spear-Bearer (level 9, -3/64 (66) HPs)
             Began as a Gnoll Wanderer on May 1, 2022.
             Was a High Priest of Ignis.
             Slain by a wight
             ... wielding a +5 battleaxe of freezing
              (6 damage)
             ... on level 8 of the Dungeon.
             The game lasted 00:23:45 (9495 turns).

Crownlay the Spear-Bearer (Gnoll Wanderer)          Turns: 9495, Time: 00:23:46

HP:   -3/64 (66)    AC:  8    Str: 11    XL:     9   Next: 58%
MP:   16/16         EV: 12    Int: 14    God:    Ignis [*****.]
Gold: 136           SH:  0    Dex: 20    Spells: 14/18 levels left

rFire   + . .      SeeInvis .   a - +2 spear
rCold   . . .      Faith    .   (no shield)
rNeg    + + .      Spirit   .   p - +2 ring mail {rN+}
rPois   .          Reflect  .   (no helmet)
rElec   .          Harm     .   r - scarf {repulsion}
rCorr   .          Rampage  .   (no gloves)
Will    .....                   (no boots)
Stlth   ++........              m - amulet of magic regeneration
HPRegen 0.20/turn               y - +6 ring of dexterity
MPRegen 0.55/turn               z - ring of positive energy

@: wereblooded (expiring), lightly drained, repel missiles
A: fangs 1, strong nose, distributed training
a: Renounce Religion, Fiery Armour, Foxfire Swarm, Rising Flame


You were on level 8 of the Dungeon.
You worshipped Ignis.
Ignis was extremely pleased with you.
You visited 1 branch of the dungeon, and saw 8 of its levels.
You also visited: Ossuary.

You collected 391 gold pieces.
You spent 255 gold pieces at shops.

Inventory:

Hand Weapons
 a - a +2 spear (weapon)
 c - a +0 dagger
Missiles
 b - 14 poisoned darts (quivered)
Armour
 p - a +2 ring mail of positive energy (worn)
 r - a scarf of repulsion (worn)
Jewellery
 m - an amulet of magic regeneration (around neck)
 y - a +6 ring of dexterity (left hand)
 z - a ring of positive energy (right hand)
Wands
 B - a wand of acid (4)
 C - a wand of paralysis (10)
 E - a wand of iceblast (10)
 F - a wand of digging (5)
Scrolls
 d - 3 scrolls of fog
 e - a scroll of summoning
 f - 2 scrolls of enchant armour
 h - a scroll of fear
 i - 2 scrolls of amnesia
 k - 2 scrolls of vulnerability {unknown}
 n - a scroll of torment {unknown}
 o - 3 scrolls of teleportation
 t - 2 scrolls of blinking {unknown}
 u - 2 scrolls of enchant weapon
 v - 2 scrolls of identify
 A - a scroll of silence {unknown}
 G - 2 scrolls of magic mapping
Potions
 g - 2 potions of resistance
 j - 4 potions of attraction {unknown}
 l - 3 potions of mutation {unknown}
 q - 3 potions of curing
 s - 3 potions of haste {unknown}
 w - 2 potions of brilliance
 x - a potion of heal wounds
 D - 2 potions of ambrosia {unknown}


   Skills:
 + Level 4.4 Fighting
 + Level 4.4 Short Blades
 + Level 4.4 Long Blades
 + Level 4.4 Axes
 + Level 4.4 Maces & Flails
 + Level 9.6 Polearms
 + Level 4.4 Staves
 + Level 4.4 Slings
 + Level 4.4 Bows
 + Level 4.4 Crossbows
 + Level 8.0 Throwing
 + Level 4.4 Armour
 + Level 4.4 Dodging
 + Level 4.4 Stealth
 + Level 4.4 Shields
 + Level 4.4 Unarmed Combat
 + Level 5.3 Spellcasting
 + Level 3.6 Conjurations
 + Level 3.6 Hexes
 + Level 3.6 Summonings
 + Level 3.6 Necromancy
 + Level 3.6 Translocations
 + Level 4.2 Transmutations
 + Level 3.6 Fire Magic
 + Level 3.6 Ice Magic
 + Level 3.6 Air Magic
 + Level 3.6 Earth Magic
 + Level 3.6 Poison Magic
 + Level 4.8 Invocations
 + Level 5.1 Evocations


You had 14 spell levels left.
You knew the following spells:

 Your Spells              Type           Power      Damage    Failure   Level
a - Wereblood             Tmut           15%        N/A       10%         2
b - Passwall              Tmut/Erth      11%        N/A       11%         2

Your spell library contained the following spells:

 Spells                   Type           Power      Damage    Failure   Level
 Sublimation of Blood     Necr           13%        N/A       13%         2
 Summon Hydra             Summ           6%         N/A       100%        7


Dungeon Overview and Level Annotations

Branches:
Dungeon (8/15)             Temple (0/1) D:4            Lair (0/6) D:8
Ossuary (visited)

Altars:
Makhleb
Nemelex Xobeh
Ignis

Shops:
D:4 :?(?*   D:5 !   D:7 *?


Innate Abilities, Weirdness & Mutations

You have very sharp teeth.
Your uncanny sense of smell can sniff out nearby items.
Your experience applies equally to all skills.


Message History

You hit the kobold brigand.
The kobold brigand is severely wounded.
The kobold brigand hits you but does no damage.
You hit the kobold brigand but do no damage.
The kobold brigand is severely wounded.
You puncture the kobold brigand! Your punch misses the kobold brigand.
The kobold brigand is almost dead.
The kobold brigand hits you with a +0 whip.
You hit the kobold brigand.
You feel a bit better.
You kill the kobold brigand!
Your Throwing skill increases to level 8!
You can't go up here!
You climb downwards.
You hear the roar of battle.
There is an entrance to a bailey on this level.
Hurry and find it before the portal closes forever!
You howl as the wereblood boils in your veins!
Your primal bloodlust is almost over.
You hear a shout!
The wight misses you. The wight barely misses you. x2
An orc comes into view. It is wielding a +0 whip.
The wight closely misses you.
The wight hits you with a +5 battleaxe of freezing!
The wight freezes you.
* * * LOW HITPOINT WARNING * * *
The wight hits you with a +3 long sword.
* * * LOW HITPOINT WARNING * * *
You partially resist.
You feel drained.
There is a stone staircase leading up, spattered with blood here.
Okay, then.
Okay, then.
Okay, then.
You can't go down here!
The wight closely misses you.
The wight hits you from afar with a +0 trident.
* * * LOW HITPOINT WARNING * * *
You partially resist. The wight closely misses you.
The wight hits you with a +5 battleaxe of freezing!
* * * LOW HITPOINT WARNING * * *
You partially resist.
You feel drained. The wight freezes you.
You die...

### .. ∆#.#
.#
#######.#.o
...(....#.#
....(.!.#.#
##........#
#....z..z.#
#....z.@..#
#.####zz..#
......#
#.#..#.#
#.#..#.# #
#..#.# #.>#
# #..#


You could see 5 wights and an orc.

Vanquished Creatures
  2 ice beasts (D:6)
  3 orc warriors
  An ogre (D:4)
  A centaur (D:6)
  3 elf zombies (Ossuary)
  A kobold brigand (D:7)
  2 necrophages (D:5)
  3 bullfrogs
  5 scorpions
  2 centaur zombies (Ossuary)
  4 jellies
  A human zombie (Ossuary)
  4 orc priests
  3 hounds
  4 iguanas
  7 orc wizards
  3 mummies
  3 gnolls (D:2)
  3 adders
  A white imp (D:6)
  2 ufetubi
  4 adder zombies (Ossuary)
  3 worms (D:2)
  3 dart slugs (D:1)
  21 orcs
  6 endoplasms
  3 giant cockroaches
  6 hobgoblins
  4 jackals (D:1)
  8 quokkas
  6 ball pythons
  A bat (D:3)
  A frilled lizard (D:2)
  10 goblins
  2 goblin zombies (Ossuary)
  16 hobgoblin zombies
  A jackal zombie (D:4)
  9 kobolds
  6 kobold zombies
  7 orc zombies (Ossuary)
  3 rats
178 creatures vanquished.

Vanquished Creatures (others)
  A sky beast (D:6)
1 creature vanquished.

Grand Total: 179 creatures vanquished

Notes
Turn   | Place    | Note
-------+----------+-------------------------------------------
     0 | D:1      | Crownlay the Gnoll Wanderer began the quest for the Orb.
     0 | D:1      | Crownlay set off with the following items: a +2 spear, 12
                  | poisoned darts, a +0 dagger, a scroll of fog, a +0 leather
                  | armour; and the following spells available to memorise:
                  | Wereblood, Passwall
     0 | D:1      | Reached XP level 1. HP: 13/13 MP: 4/4
    14 | D:1      | Found a faded altar of an unknown god.
   107 | D:1      | Reached XP level 2. HP: 19/19 MP: 5/5
   112 | D:1      | Prayed at the altar of an unknown god.
   112 | D:1      | Became a worshipper of Ignis, the Dying Flame
   210 | D:1      | Learned a level 2 spell: Wereblood
   271 | D:1      | Learned a level 2 spell: Passwall
   863 | D:2      | Reached XP level 3. HP: 17/25 MP: 4/7
  1104 | D:2      | Reached skill level 1 in Invocations
  1326 | D:2      | Reached skill level 1 in Fighting
  1326 | D:2      | Reached skill level 1 in Short Blades
  1326 | D:2      | Reached skill level 1 in Long Blades
  1326 | D:2      | Reached skill level 1 in Axes
  1326 | D:2      | Reached skill level 1 in Maces & Flails
  1326 | D:2      | Reached skill level 1 in Staves
  1326 | D:2      | Reached skill level 1 in Slings
  1326 | D:2      | Reached skill level 1 in Bows
  1326 | D:2      | Reached skill level 1 in Crossbows
  1326 | D:2      | Reached skill level 1 in Armour
  1326 | D:2      | Reached skill level 1 in Dodging
  1326 | D:2      | Reached skill level 1 in Stealth
  1326 | D:2      | Reached skill level 1 in Shields
  1326 | D:2      | Reached skill level 1 in Unarmed Combat
  1336 | D:2      | HP: 1/26 [worm (5)]
  1747 | D:2      | Reached XP level 4. HP: 27/32 MP: 8/8
  2056 | D:2      | Reached skill level 1 in Conjurations
  2056 | D:2      | Reached skill level 1 in Hexes
  2056 | D:2      | Reached skill level 1 in Summonings
  2056 | D:2      | Reached skill level 1 in Necromancy
  2056 | D:2      | Reached skill level 1 in Translocations
  2056 | D:2      | Reached skill level 1 in Fire Magic
  2056 | D:2      | Reached skill level 1 in Ice Magic
  2056 | D:2      | Reached skill level 1 in Air Magic
  2056 | D:2      | Reached skill level 1 in Earth Magic
  2056 | D:2      | Reached skill level 1 in Poison Magic
  2518 | D:3      | Reached XP level 5. HP: 13/37 MP: 9/9
  3415 | D:4      | Found Citijeel's General Store.
  3436 | D:4      | Found a sand-covered staircase.
  3460 | Ossuary  | Entered an ossuary
  3667 | Ossuary  | Reached XP level 6. HP: 37/44 MP: 9/11
  3866 | Ossuary  | Reached XP level 7. HP: 19/50 MP: 12/12
  4234 | D:4      | Found Ixkosch's Magic Scroll Shop.
  4250 | D:4      | Bought a scroll of teleportation for 42 gold pieces
  4250 | D:4      | Bought a scroll of enchant weapon for 105 gold pieces
  4253 | D:4      | Found Ykobimuk's Antique Weapon Shoppe.
  4388 | D:4      | Found Bawka's Book Emporium.
  4419 | D:4      | Found a staircase to the Ecumenical Temple.
  4617 | D:4      | Reached skill level 9 in Polearms
  4774 | D:4      | Bought a potion of brilliance for 44 gold pieces
  4954 | D:4      | Found Ravecwiwn's Magic Scroll Shop.
  4989 | D:5      | Entered Level 5 of the Dungeon
  5527 | D:5      | Reached XP level 8. HP: 57/57 MP: 14/14
  6301 | D:5      | Found Uddiulit's Distillery.
  6304 | D:5      | Bought a potion of curing for 39 gold pieces
  6304 | D:5      | Bought a potion of degeneration for 13 gold pieces
  6755 | D:6      | Reached XP level 9. HP: 38/65 MP: 16/16
  7478 | D:6      | Reached skill level 5 in Spellcasting
  8042 | D:6      | Found a sparkling altar of Nemelex Xobeh.
  8042 | D:6      | Found a burning altar of Makhleb.
  8076 | D:7      | Found Luulawu's General Store.
  8090 | D:7      | Found Alilif's Magic Scroll Emporium.
  8094 | D:7      | Bought a scroll of noise for 12 gold pieces
  8327 | D:6      | Reached skill level 5 in Evocations
  9463 | D:8      | Found a staircase to the Lair.
  9495 | D:8      | HP: 3/65 [wight/+5 battleaxe of freezing (12)]
  9495 | D:8      | Slain by a wight

Illustrated notes

Levels and vault maps discovered:
D:1:      dpeg_arrival_tiny_d, layout_loops_cross, ebering_ecumenical_altar_box
D:2:      minmay_evil_eye, layout_basic
D:3:      layout_loops_ring
D:4:      layout_cave_pools, minmay_temple_entry_glassed_door, enter_ossuary_3,
          serial_shops, nicolae_shop_behind_doors, shop_fountains,
          kennysheep_mini, nicolae_shop_window_shopping, shop, st_stairs_6
D:5:      layout_basic, serial_shops, kennysheep_mini_moat, minmay_mini_ossuary
D:6:      layout_basic, gammafunk_temple_overflow_pools,
          kennysheep_decorative_pillar
D:7:      layout_basic, serial_shops, shop, shop, minmay_holes,
          hangedman_decor_slide_cut
D:8:      layout_basic, lair_entry_dummy, enter_bailey_6,
          amcnicky_mini_pool_small, nicolae_elemental_shop

Skill      XL: |  1  2  3  4  5  6  7  8  9 |
---------------+----------------------------+-----
Transmutations | 2 3 4 |  4.2
Invocations    | 1 2 3 4 |  4.8
Fighting       | 1 2 3 4 |  4.4
Short Blades   | 1 2 3 4 |  4.4
Long Blades    | 1 2 3 4 |  4.4
Axes           | 1 2 3 4 |  4.4
Maces & Flails | 1 2 3 4 |  4.4
Staves         | 1 2 3 4 |  4.4
Slings         | 1 2 3 4 |  4.4
Bows           | 1 2 3 4 |  4.4
Crossbows      | 1 2 3 4 |  4.4
Armour         | 1 2 3 4 |  4.4
Dodging        | 1 2 3 4 |  4.4
Stealth        | 1 2 3 4 |  4.4
Shields        | 1 2 3 4 |  4.4
Unarmed Combat | 1 2 3 4 |  4.4
Spellcasting   | 3 4 5 |  5.3
Conjurations   | 1 2 3 |  3.6
Hexes          | 1 2 3 |  3.6
Summonings     | 1 2 3 |  3.6
Necromancy     | 1 2 3 |  3.6
Translocations | 1 2 3 |  3.6
Fire Magic     | 1 2 3 |  3.6
Ice Magic      | 1 2 3 |  3.6
Air Magic      | 1 2 3 |  3.6
Earth Magic    | 1 2 3 |  3.6
Poison Magic   | 1 2 3 |  3.6
Evocations     | 3 4 5 |  5.1
Throwing       | 7 8 |  8.0
Polearms       | 9 |  9.6

Action                   |  1- 3 |  4- 6 |  7- 9 || total
-------------------------+-------+-------+-------++-------
Melee: Spear             |    92 |   290 |   404 ||   786
       Bite              |    10 |    18 |    40 ||    68
       Punch             |     1 |     2 |    16 ||    19
Throw: Dart              |     8 |     3 |    86 ||    97
 Cast: Wereblood         |       |     6 |     8 ||    14
       Passwall          |       |       |     2 ||     2
  Use: Scroll            |       |     6 |     1 ||     7
       Potion            |       |     1 |     1 ||     2
 Stab: Sleeping          |     1 |     2 |     2 ||     5
       Distracted        |       |       |     1 ||     1
Armor: Leather armour    |     9 |       |       ||     9
       Ring mail         |       |    96 |   110 ||   206
Dodge: Dodged            |    15 |    83 |   189 ||   287
       Repelled          |       |       |     1 ||     1

Table legend: (Time is in decaauts)
 A = Elapsed time spent in this place.
 B = Non-inter-level travel time spent in this place.
 C = Inter-level travel time spent in this place.
 D = Time resting spent in this place.
 E = Time spent auto-exploring this place.
 F = Levels seen in this place.
 G = Mean time per level.
                   A        B        C        D        E       F      G
               +--------+--------+--------+--------+--------+-----+--------+
         Total |   9200 |   9048 |    152 |     52 |   7453 |   9 | 1022.2 |
       Dungeon |   8501 |   8349 |    152 |     52 |   7073 |   8 | 1062.6 |
       Ossuary |    699 |    699 |      0 |      0 |    380 |   1 |  699.0 |
               +--------+--------+--------+--------+--------+-----+--------+

Top non-repeatable levels by time:
     D:2: 1755 daAuts
     D:6: 1744 daAuts
     D:7: 1238 daAuts
     D:4: 1156 daAuts
     D:5: 999 daAuts
     D:3: 919 daAuts
 Ossuary: 699 daAuts
     D:1: 676 daAuts
     D:8: 11 daAuts
